 Dungeon Crawl Stone Soup version 0.26-a0-952-g76694b35de (webtiles) character file.

Game seed: 16238936347269836979

5753 miscthings the Thaumaturge (level 10, -2/64 HPs)
             Began as a Mummy Ice Elementalist on Nov 30, 2020.
             Was an Initiate of Gozag.
             Slain by an iguana (7 damage)
             ... on level 9 of the Dungeon.
             The game lasted 00:24:51 (9309 turns).

miscthings the Thaumaturge (Mummy Ice Elementalist) Turns: 9309, Time: 00:24:51

Health: -2/64      AC:  9    Str: 12    XL:     10   Next: 49%
Magic:  21/24      EV: 12    Int: 17    God:    Gozag
Gold:   920        SH:  0    Dex: 13    Spells: 18/29 levels left

rFire    x . .     SeeInvis .   d - +2 short sword (venom)
rCold    + . .     Faith    .   (no shield)
rNeg     + + +     Spirit   .   a - +2 robe {MR+}
rPois    ∞         Reflect  .   i - +0 helmet
rElec    .         Harm     .   q - +0 cloak
rCorr    .         Rampage  .   v - +1 pair of gloves
MR       ++...                  w - +0 pair of boots {Fly}
Stlth    ++........             (no amulet)
HPRegen  0.20/turn              s - ring of wizardry
MPRegen  0.19/turn              (no ring)

@: frozen ramparts, flying
A: no potions, fire vulnerability, cold resistance 1, negative energy resistance
3, torment resistance, unbreathing
a: Potion Petition, Call Merchant, Bribe Branch, Renounce Religion, Stop Flying


You were on level 9 of the Dungeon.
You worshipped Gozag.
Gozag was pleased with you.
You visited 2 branches of the dungeon, and saw 11 of its levels.
You also visited: Sewer.

You collected 1250 gold pieces.
You spent 217 gold pieces at shops.
You paid 113 gold pieces to Gozag.

Inventory:

Hand Weapons
 d - a +2 short sword of venom (weapon)
Armour
 a - a +2 robe of magic resistance (worn)
 i - a +0 helmet (worn)
 q - a +0 cloak (worn)
 v - a +1 pair of gloves (worn)
 w - a +0 pair of boots of flying (worn)
Jewellery
 s - a ring of wizardry (left hand)
Wands
 c - a wand of random effects (30)
 h - a wand of iceblast (12)
 j - a wand of enslavement (5)
Scrolls
 b - 4 scrolls of enchant weapon
 e - 2 scrolls of fog
 f - 4 scrolls of immolation
 g - 2 scrolls of teleportation
 k - 2 scrolls of magic mapping
 l - 2 scrolls of amnesia
 m - 2 scrolls of fear
 n - 3 scrolls of identify {@r1}
 o - a scroll of blinking
 r - a scroll of remove curse
 t - a scroll of vulnerability
 u - 2 scrolls of torment


   Skills:
 + Level 0.8 Fighting
 + Level 0.6 Armour
 + Level 1.8 Dodging
 - Level 1.5 Stealth
 + Level 10.1 Spellcasting
 - Level 6.0 Summonings
 - Level 10.0 Ice Magic
 * Level 1.0 Evocations


You had 18 spell levels left.
You knew the following spells:

 Your Spells              Type           Power        Failure   Level
a - Frozen Ramparts       Ice            #####.       1%          3
d - Summon Ice Beast      Ice/Summ       #####...     1%          4
e - Ozocubu's Armour      Ice            #####...     1%          3
z - Freeze                Ice            ####         1%          1

Your spell library contained the following spells:

 Spells                   Type           Power        Failure   Level
 Hailstorm                Conj/Ice       ####....     4%          4


Dungeon Overview and Level Annotations

Branches:
Dungeon (10/15)            Temple (1/1) D:6           Sewer (visited)
   Lair: D:8-11         Orc: D:9-12

Altars:
Ashenzari
Dithmenos
Gozag
Hepliaklqana
Makhleb
Qazlal
Trog
Uskayaw
Xom
Yredelemnul
The Shining One

Shops:
D:8 [

Annotations:
D:8 2 transporters, marklar909's ghost, novice HaHu


Innate Abilities, Weirdness & Mutations

You do not drink.
Your flesh is vulnerable to fire.
You are immune to poison.
Your flesh is cold resistant. (rC+)
You are immune to negative energy. (rN+++)
You are immune to unholy pain and torment.
You can survive without breathing.


Message History

The killer bee closely misses you.
The wall freezes the killer bee.
The killer bee stings you but does no damage.
The ogre closely misses you. The bullfrog closely misses you.
The wall freezes the iguana.
The iguana seems to slow down.
The iguana bites you. The killer bee barely misses you.
Evoke which item? (* to show all) (? for menu, Esc to quit)
Aiming: Enslavement
Press: ? - help, Shift-Dir - straight line, f - killer bee
Aim: a killer bee (chance to defeat MR: 57%)
The killer bee resists with significant effort.
The wall freezes the killer bee.
The killer bee misses you.
The wall freezes the killer bee.
The killer bee closely misses you. The bullfrog barely misses you.
The killer bee stings you.
The wall freezes the killer bee.
The killer bee closely misses you.
The wall freezes the killer bee.
The killer bee barely misses you.
The ogre hits you with a +0 giant club!!
* * * LOW HITPOINT WARNING * * *
The wall freezes the iguana!
The iguana bites you!
You die...
Your body crumbles into a pile of gold.

######.....##............# ##.
#..........##.........#### #..
#.####.....##..)......######..
#.####.....##.........'......)
#..........##((.......##......
###........(((........##.###..
###.#......##.........##.# #..
#<..#......##yy.......##.###..
#####..######@O.......##.....#
#.........ylF.......######..
###.........................
############.....############....
......# ###.....# ###....
.####.####.#.....# #......
.####............# #.#####
.......##..#.....# #.#
.####..##..#.....# #.#


You could see an ogre, a bullfrog, an iguana (slow) and 3 killer bees.

Vanquished Creatures
  Erolcha (D:9)
  A manticore (D:9)
  Joseph (D:9)
  Grinder (D:5)
  Eustachio (D:5)
  3 ice beasts
  Edmund (D:5)
  Duvessa (D:4)
  An orc warrior (D:7)
  2 black bears (D:9)
  A sky beast (D:9)
  4 ogres
  2 centaurs
  2 big kobolds
  Blork the orc (D:5)
  2 bullfrogs
  Dowan (D:4)
  2 scorpions (D:4)
  A water moccasin skeleton (D:4)
  A howler monkey (D:9)
  A wight (D:9)
  A quasit (D:6)
  3 jellies
  4 orc priests
  4 hounds
  A bullfrog skeleton (D:5)
  12 orc wizards
  2 iguanas (D:7)
  8 worker ants
  A hound zombie (D:6)
  Robin (D:3)
  5 gnolls
  12 adders
  3 ufetubi
  An ooze (D:1)
  2 adder skeletons
  2 worms
  3 dart slugs (D:1)
  3 leopard geckos
  22 orcs
  16 giant cockroaches
  6 goblins
  8 hobgoblins
  19 jackals
  19 kobolds
  5 quokkas
  A ball python (D:3)
  9 bats
  5 frilled lizards
  A jackal skeleton (D:4)
  A jackal zombie (D:6)
  A leopard gecko skeleton (D:5)
  12 rats
224 creatures vanquished.

Vanquished Creatures (collateral kills)
  A two-headed ogre (D:6)
  A centaur skeleton (D:10)
  An ice beast (D:5)
  A necrophage (D:8)
  An ogre (D:6)
  A phantom (D:6)
  A centaur (D:8)
  2 big kobolds
  A wight (D:9)
  2 howler monkeys (D:9)
  A bullfrog zombie (D:8)
  2 bullfrog skeletons (D:8)
  A human zombie (D:6)
  A howler monkey zombie (D:5)
  A white imp (D:9)
  An adder skeleton (D:5)
  2 orcs (D:8)
  5 kobolds
26 creatures vanquished.

Vanquished Creatures (others)
  A human (D:6)
  4 plants
5 creatures vanquished.

Grand Total: 255 creatures vanquished

Notes
Turn   | Place    | Note
-------+----------+-------------------------------------------
     0 | D:1      | miscthings the Mummy Ice Elementalist began the quest for
                  | the Orb.
     0 | D:1      | Reached XP level 1. HP: 13/13 MP: 4/4
   145 | D:1      | Reached XP level 2. HP: 15/19 MP: 1/5
   248 | D:1      | You fall into a shaft and drop 1 floor!
   248 | D:2      | Found a shadowy altar of Dithmenos.
   635 | D:1      | Reached XP level 3. HP: 23/24 MP: 0/7
   639 | D:1      | Learned a level 3 spell: Frozen Ramparts
  1422 | D:2      | Reached XP level 4. HP: 15/30 MP: 3/8
  2185 | D:3      | Found a shadowy altar of Dithmenos.
  2197 | D:3      | Reached skill level 5 in Ice Magic
  2323 | D:3      | Reached XP level 5. HP: 35/35 MP: 5/9
  2333 | D:3      | Learned a level 3 spell: Ozocubu's Armour
  2430 | D:3      | Noticed Robin
  2442 | D:3      | Killed Robin
  2543 | D:3      | Found a glowing drain.
  2558 | Sewer    | Entered a sewer
  2748 | Sewer    | Reached XP level 6. HP: 37/41 MP: 3/10
  2804 | Sewer    | Found a white marble altar of Elyvilon.
  3196 | D:4      | Noticed Duvessa
  3196 | D:4      | Noticed Dowan
  3212 | D:4      | Killed Duvessa
  3224 | D:4      | Killed Dowan
  3379 | D:4      | Reached XP level 7. HP: 44/46 MP: 7/11
  3386 | D:4      | Learned a level 4 spell: Summon Ice Beast
  4110 | D:4      | Reached skill level 1 in Summonings
  4400 | D:5      | Entered Level 5 of the Dungeon
  4466 | D:5      | Noticed Grinder
  4529 | D:5      | Killed Grinder
  4530 | D:5      | Reached XP level 8. HP: 43/52 MP: 2/12
  5032 | D:5      | Noticed Edmund
  5070 | D:5      | Killed Edmund
  5182 | D:5      | Noticed Eustachio
  5185 | D:5      | Noticed Blork the orc
  5191 | D:5      | Killed Blork the orc
  5297 | D:5      | Killed Eustachio
  5588 | D:5      | Found a hide-covered altar of Uskayaw.
  5589 | D:5      | Found a glowing golden altar of the Shining One.
  5589 | D:5      | Found a basalt altar of Yredelemnul.
  5755 | D:6      | Noticed a two-headed ogre
  5848 | D:6      | Found a runed translucent door.
  5848 | D:6      | Found a basalt altar of Yredelemnul.
  5929 | D:6      | Found a staircase to the Ecumenical Temple.
  6170 | D:6      | Killed a two-headed ogre
  6171 | D:6      | Reached skill level 10 in Ice Magic
  6171 | D:6      | Reached XP level 9. HP: 57/57 MP: 4/13
  6182 | Temple   | Entered the Ecumenical Temple
  6270 | Temple   | Became a worshipper of Gozag Ym Sagoz the Greedy
  6815 | D:7      | Reached skill level 5 in Summonings
  6989 | D:7      | You fall into a shaft and drop 3 floors!
  6989 | D:10     | Entered Level 10 of the Dungeon
  7162 | D:10     | Reached skill level 5 in Spellcasting
  7168 | D:10     | Noticed a troll
  7956 | D:8      | Found Xysat's Antique Armour Shoppe.
  7966 | D:8      | Bought a pair of runed boots for 217 gold pieces
  8094 | D:8      | Found an opulent altar of Gozag.
  8122 | D:8      | Found a transporter.
  8154 | D:8      | Found a transporter.
  8154 | D:8      | Noticed marklar909's ghost (novice HaHu)
  8154 | D:8      | Noticed a yaktaur captain
  8214 | D:8      | Noticed a troll
  8263 | D:8      | Reached XP level 10. HP: 57/63 MP: 16/20
  8632 | D:9      | Noticed Erolcha
  8644 | D:9      | Killed Erolcha
  8677 | D:9      | Noticed a manticore
  8691 | D:9      | Killed a manticore
  8793 | D:9      | Noticed Joseph
  8805 | D:9      | Killed Joseph
  8806 | D:9      | Reached skill level 10 in Spellcasting
  9165 | D:9      | Reached skill level 1 in Evocations
  9309 | D:9      | Slain by an iguana

Illustrated notes

Levels and vault maps discovered:
D:1:      heliophobic_arrival_dark_side_of_the_moon, layout_basic
D:2:      layout_basic, general_overflow_altar, chequers_big_river
D:3:      minmay_spotlight, layout_basic, gup_sewer_entry_glass,
          grunt_dithmenos_smoke_and_mirrors, uniq_robin
D:4:      layout_loops_corners, uniq_duvessa
D:5:      layout_basic, gammafunk_temple_overflow_claw,
          minmay_misc_feat_enclosed, uniq_grinder, uniq_blork_the_orc,
          uniq_eustachio, uniq_edmund
D:6:      layout_rooms, minmay_temple_entry_gardened_gates,
          dk_yredelemnul_ordeal
D:7:      layout_loops_corners, st_stairs_11,
          hangedman_abyss_or_decor_jellyfish_corner
D:8:      layout_basic, serial_shops, shop, gammafunk_ghost_arena,
          nicolae_gozag_seed_capital
D:9:      minmay_recursive_quarters, layout_basic, uniq_erolcha, uniq_joseph
D:10:     layout_cross, erik_lair_island, minmay_stone_trees_large
Temple:   dpeg_five_rooms_temple

Skill      XL: |  1  2  3  4  5  6  7  8  9 10 |
---------------+-------------------------------+-----
Ice Magic      | 4 5 6 7 8 10 | 10.0
Summonings     | 1 4 6 |  6.0
Spellcasting   | 7 10 | 10.1
Evocations     | 1 |  1.0
Fighting       | |  0.8
Armour         | |  0.6
Dodging        | |  1.8
Stealth        | |  1.5

Action                   |  1- 3 |  4- 6 |  7- 9 | 10-12 || total
-------------------------+-------+-------+-------+-------++-------
Melee: Unarmed           |    19 |       |       |       ||    19
       Short sword       |    19 |    40 |   153 |    12 ||   224
 Cast: Freeze            |    39 |    14 |    10 |       ||    63
       Frozen Ramparts   |     7 |    23 |    64 |    11 ||   105
       Ozocubu's Armour  |       |     1 |       |     1 ||     2
       Summon Ice Beast  |       |       |    24 |    11 ||    35
Evoke: Wand              |       |       |     8 |     1 ||     9
  Use: Scroll            |       |     7 |     3 |     2 ||    12
 Stab: Sleeping          |     3 |     1 |     1 |     1 ||     6
       Distracted        |       |       |     1 |       ||     1
Armor: Robe              |    12 |    11 |    46 |    12 ||    81
       Ring mail         |       |       |       |     3 ||     3
Dodge: Dodged            |    46 |    53 |   111 |    44 ||   254

Table legend: (Time is in decaauts)
 A = Elapsed time spent in this place.
 B = Non-inter-level travel time spent in this place.
 C = Inter-level travel time spent in this place.
 D = Time resting spent in this place.
 E = Time spent auto-exploring this place.
 F = Levels seen in this place.
 G = Mean time per level.
                   A        B        C        D        E       F      G
               +--------+--------+--------+--------+--------+-----+--------+
         Total |   9393 |   8725 |    668 |   1493 |   4878 |  12 |  782.8 |
       Dungeon |   8951 |   8337 |    614 |   1371 |   4702 |  10 |  895.1 |
        Temple |    119 |     65 |     54 |      0 |     63 |   1 |  119.0 |
         Sewer |    322 |    322 |      0 |    122 |    112 |   1 |  322.0 |
               +--------+--------+--------+--------+--------+-----+--------+

Top non-repeatable levels by time:
     D:5: 1609 daAuts
     D:4: 1271 daAuts
     D:2: 1193 daAuts
     D:1: 977 daAuts
     D:7: 858 daAuts
     D:9: 792 daAuts
     D:3: 753 daAuts
     D:8: 708 daAuts
     D:6: 603 daAuts
   Sewer: 322 daAuts
    D:10: 183 daAuts
  Temple: 119 daAuts
